 Dungeon Crawl Stone Soup version 0.29-a0-283-ga02f740833 (webtiles) character file.

Game seed: 15551308557906707970

99 spaghetti the Skirmisher (level 4, -6/38 HPs)
             Began as a Demonspawn Berserker on Mar 14, 2022.
             Was a Believer of Trog.
             Killed by nerve-wracking pain
             ... invoked by Grinder
              (8 damage)
             ... while paralysed by Grinder
             ... on level 3 of the Dungeon.
             The game lasted 00:03:31 (2839 turns).

spaghetti the Skirmisher (Demonspawn Berserker)     Turns: 2839, Time: 00:03:31

Health: -6/38      AC:  2    Str: 18    XL:     4   Next: 45%
Magic:  4/4        EV:  2    Int:  8    God:    Trog [**....]
Gold:   103        SH:  0    Dex: 12    Spells: 3/3 levels left

rFire   . . .      SeeInvis .   d - +5 dagger {short}
rCold   . . .      Faith    .   (no shield)
rNeg    . . .      Spirit   .   b - +0 animal skin
rPois   .          Reflect  .   (no helmet)
rElec   .          Harm     .   (no cloak)
rCorr   .          Rampage  .   (no gloves)
Will    .....                   (no boots)
Stlth   +.........              (no amulet)
HPRegen 0.12/turn               (no ring)
MPRegen 0.09/turn               (no ring)

@: paralysed, lethally poisoned (-6 -> -14), on berserk cooldown
A: condensation shield, demonic touch 1, talons 1, clumsy 1
a: Renounce Religion, Berserk, Trog's Hand


You were on level 3 of the Dungeon.
You worshipped Trog.
Trog was pleased with you.
You visited 1 branch of the dungeon, and saw 3 of its levels.

You collected 103 gold pieces.


Innate Abilities, Weirdness & Mutations

A meltable shield of frost defends you. (SH +4)
Your touch may inflict minor irresistible damage on your foes.
You have sharp toenails.
You are clumsy. (Dex -2)


   Skills:
 + Level 4.8 Fighting
 - Level 2.6 Long Blades
 - Level 1.7 Armour
 + Level 2.6 Dodging


You had 3 spell levels left.
You didn't know any spells.
Your spell library contained the following spells:

 Spells                   Type           Power      Damage    Failure   Level
 Corpse Rot               Necr/Air       0%         N/A       54%         2
 Poisonous Vapours        Pois/Air       0%         N/A       54%         2

Inventory:

Hand Weapons
 a - a +0 falchion {long}
 d - a +5 dagger (weapon) {short}
   (You took it off a goblin on level 1 of the Dungeon)
 f - a +0 hand axe of flaming {axe}
   (You took it off Terence on level 3 of the Dungeon)
Missiles
 i - 37 stones (quivered) {throwing}
 j - 2 poisoned darts {throwing}
Armour
 b - a +0 animal skin (worn)
Scrolls
 h - a scroll of identify {@r1}
 l - a scroll of vulnerability {!r!r}
Potions
 c - 2 potions of might {unknown}
 e - 4 potions of curing {unknown}
 g - a potion of haste {unknown}
 k - a potion of resistance {unknown}
 m - 2 potions of berserk rage {unknown}

Dungeon Overview and Level Annotations

Branches:
Dungeon (3/15)

Altars:
Ashenzari

Annotations:
D:3 Grinder

..........
..........
#..K...... .
#...........
#......[....
#...........
###..........
####.##S###..#
####
#.....@5.....#
#..#
##.#.##.##.####.#
#.##
................#
#.##
...#.#.[##.###..#
#.##
##..#..#.......#
#.##
##......######.##
####.##
...............#
#......
..♣♣.♣♣..#########
#....## . ♣.♣...#
#...# #.##.#


You could see Grinder, a ball python and a kobold.


Message History

You feel extremely strange.
You feel weaker.
You lose the ability to read scrolls when threatened.
You begin to heal more quickly.
Really quaff
f - a potion of mutation {!q}?
Really quaff the potion of mutation?
You feel extremely strange.
You can once more read scrolls while threatened.
Your rate of healing slows.
You feel stronger.
You feel clumsy.
Your toenails lengthen and sharpen.
You see here a +0 club {mace}.
Items here: ))) [[ ††.
Key pressed, stopping explore.
Key pressed, stopping explore.
Key pressed, stopping explore.
You see here a +0 dagger {short}.
Key pressed, stopping explore.
Done exploring.
(D) Dungeon
Where to? (Enter - D:2, ? - help)
There is a stone staircase leading down here.
You climb downwards.
There is a stone staircase leading up here.
Key pressed, stopping explore.
Key pressed, stopping explore.
You open the door.
Found a stone staircase leading down.
There is an open door here.
Key pressed, stopping explore.
Key pressed, stopping explore.
Unknown command.
Unknown command.
There is a stone staircase leading down here.
Key pressed, stopping explore.
f - a scroll labelled DUIRGH CEARIARO Terence the Incautious comes into view.
He is wielding a +0 hand axe of flaming.
Found a broken altar of Ashenzari.
As you read the scroll labelled DUIRGH CEARIARO, it crumbles to dust.
It is a scroll of enchant weapon.
Your +4 dagger {short} glows red for a moment.
You block Terence's attack.
A red film seems to cover your vision as you go berserk!
You feel yourself moving faster!
You feel mighty!
Terence hits you with a +0 hand axe of flaming.
Your condensation shield dissipates!
Terence burns you. 😕 HP[+15]
You now have 57 max hp (+19).
You regained 15 hp, and now have 53/57 hp.
You barely miss Terence. You claw Terence! You puncture Terence!
You kill Terence!
Trog accepts your kill.
f - a +0 hand axe of flaming {axe} You see here a +0 scale mail.
You start resting.
You feel a strong urge to attack something.
You feel your anger nearly subside.
You are no longer berserk.
You are exhausted.
You feel yourself slow down. 😎 HP[-15]
You now have 38 max hp (-19).
Unknown command.
Your icy envelope is restored.
You see here a +0 leather armour.
You feel yourself speed up.
You open the door.
Grinder comes into view.
Grinder blinks!
Grinder attacks as you move away! Grinder hits you.
You writhe in agony.
A ball python and a kobold come into view.
The kobold is wielding a +0 short sword and quivering poisoned darts.
The ball python hisses angrily.
There is an open door here. 😕 HP[-9]
You take 9 damage, and now have 29/38 hp.
MASSIVE DAMAGE!! (PAUSE) You're still recovering from your berserk rage.
The kobold shouts!
You hit Grinder. Your touch misses Grinder. Grinder hits you.
You writhe in agony.
The kobold throws a poisoned dart.
You block the poisoned dart. 😮 HP[-9]
You take 9 damage, and now have 20/38 hp.
MASSIVE DAMAGE!! (PAUSE) Grinder gestures at you.
You suddenly lose the ability to move!
The kobold throws a poisoned dart.
The poisoned dart hits you!
You are poisoned.
You feel sick. Grinder gestures at you. Pain shoots through your body!
* * * LOW HITPOINT WARNING * * *
The kobold throws a poisoned dart.
The poisoned dart hits you.
You are more poisoned.
* * * LOW HITPOINT WARNING * * *
You feel very sick. Grinder gestures at you. Pain shoots through your body!
You die...

Skill      XL: |  1  2  3 |
---------------+----------+-----
Fighting       | 4 |  4.8
Dodging        | 2 |  2.6
Long Blades    | |  2.6
Armour         | |  1.7

Action                   |  1- 3 |  4- 6 || total
-------------------------+-------+-------++-------
Melee: Falchion          |    19 |       ||    19
       Dagger            |    99 |     5 ||   104
       Kick              |       |     1 ||     1
Throw: Stone             |    46 |       ||    46
Invok: Berserk           |     1 |     1 ||     2
  Use: Scroll            |     4 |     1 ||     5
       Potion            |       |     2 ||     2
Armor: Animal skin       |     8 |       ||     8
Dodge: Dodged            |    46 |       ||    46
Block: Other             |    22 |     2 ||    24

Levels and vault maps discovered:
D:1:      lightli_arrival_statuegarden, layout_basic,
          shapermc_ecumenical_altar_mp_urbaneastern, minivault_27,
          minmay_hexomino_u4
D:2:      layout_basic, uniq_robin
D:3:      layout_basic, mainiacjoe_overflow_small_starburst,
          minmay_shallow_snake_nest, uniq_grinder, uniq_terence, uniq_jessica

Notes
Turn   | Place    | Note
-------+----------+-------------------------------------------
     0 | D:1      | spaghetti the Demonspawn Berserker began the quest for the
                  | Orb.
     0 | D:1      | Reached XP level 1. HP: 18/18 MP: 1/1
     0 | D:1      | magus.rc [v1.9.6]
   251 | D:1      | Gained mutation: A meltable shield of frost defends you.
                  | (SH +4) [demonic ancestry]
   251 | D:1      | Reached XP level 2. HP: 19/25 MP: 2/2
   528 | D:1      | Reached skill level 4 in Fighting
   980 | D:1      | Reached ** piety under Trog
   981 | D:1      | Reached XP level 3. HP: 29/30 MP: 3/3
  1158 | D:1      | Found a faded altar of an unknown god.
  1446 | D:2      | Reached skill level 2 in Dodging
  2068 | D:2      | You pick up a book of Vapours {forbidden} and begin
                  | reading...
  2068 | D:2      | You add the spells Poisonous Vapours and Corpse Rot to your
                  | library.
  2325 | D:2      | Noticed Robin
  2339 | D:2      | Killed Robin
  2340 | D:2      | Gained mutation: Your touch may inflict minor irresistible
                  | damage on your foes. [demonic ancestry]
  2340 | D:2      | Reached XP level 4. HP: 38/38 MP: 4/4
  2421 | D:2      | Gained mutation: You are weak. (Str -2) [potion of
                  | mutation]
  2421 | D:2      | Gained mutation: You sometimes lose the ability to read
                  | scrolls when taking damage. [potion of mutation]
  2421 | D:2      | Gained mutation: Your natural rate of healing is unusually
                  | fast. [potion of mutation]
  2422 | D:2      | Lost mutation: You sometimes lose the ability to read
                  | scrolls when taking damage. [potion of mutation]
  2422 | D:2      | Lost mutation: Your natural rate of healing is unusually
                  | fast. [potion of mutation]
  2422 | D:2      | Lost mutation: You are weak. (Str -2) [potion of mutation]
  2422 | D:2      | Gained mutation: You are clumsy. (Dex -2) [potion of
                  | mutation]
  2422 | D:2      | Gained mutation: You have sharp toenails. [potion of
                  | mutation]
  2791 | D:3      | Found a broken altar of Ashenzari.
  2791 | D:3      | Noticed Terence
  2796 | D:3      | Killed Terence
  2833 | D:3      | Noticed Grinder
  2836 | D:3      | Paralysed by Grinder for 7 turns
  2838 | D:3      | HP: 5/38 [Grinder/nerve-wracking pain (14)]
  2839 | D:3      | HP: 2/38 [poisoned by a kobold]
  2839 | D:3      | Killed from afar by Grinder

Vanquished Creatures
  Terence (D:3)
  Robin (D:2)
  An adder (D:2)
  A worm (D:2)
  A dart slug (D:1)
  2 bats (D:1)
  8 endoplasms
  A giant cockroach (D:1)
  6 goblins
  7 hobgoblins
  A quokka (D:1)
  5 ball pythons
  2 frilled lizards (D:1)
  8 kobolds
  5 rats
50 creatures vanquished.

Vanquished Creatures (others)
  A fungus (D:1)
  2 plants (D:1)
3 creatures vanquished.

Grand Total: 53 creatures vanquished

Table legend:
 A = Non-vault XP
 B = Vault XP
 C = Vault XP percentage of total XP
 D = Non-vault monster count
 E = Vault monster count
 F = Vault count percentage of total count
                 A         B        C        D         E       F
            +---------+---------+-------+---------+---------+-------
      Total |      80 |      62 |  43.7 |      39 |      11 |  22.0
            +---------+---------+-------+---------+---------+-------
        D:1 |      44 |       4 |   8.3 |      27 |       3 |  10.0
        D:2 |      36 |      26 |  41.9 |      12 |       7 |  36.8
        D:3 |       0 |      32 | 100.0 |       0 |       1 | 100.0
            +---------+---------+-------+---------+---------+-------

Illustrated notes

Table legend:
 A = Kills in this place as a percentage of kills in entire the game.
 B = Kills by you in this place as a percentage of kills by you in the entire game.
 C = Kills by friends in this place as a percentage of kills by friends in the entire game.
 D = Other kills in this place as a percentage of other kills in the entire game.
 E = Experience gained in this place as a percentage of experience gained in the entire game.
 F = Experience gained in this place divided by the number of levels of this place that you have seen.
                   A       B       C       D       E      F
               +-------+-------+-------+-------+-------+----------------------
         Total | 100.0 | 100.0 |   N/A |   N/A | 100.0 |  47.3
       Dungeon | 100.0 | 100.0 |   N/A |   N/A | 100.0 |  47.3
               +-------+-------+-------+-------+-------+----------------------

Table legend: (Time is in decaauts)
 A = Elapsed time spent in this place.
 B = Non-inter-level travel time spent in this place.
 C = Inter-level travel time spent in this place.
 D = Time resting spent in this place.
 E = Time spent auto-exploring this place.
 F = Levels seen in this place.
 G = Mean time per level.
                   A        B        C        D        E       F      G
               +--------+--------+--------+--------+--------+-----+--------+
         Total |   2862 |   2722 |    140 |    255 |   2108 |   3 |  954.0 |
       Dungeon |   2862 |   2722 |    140 |    255 |   2108 |   3 |  954.0 |
               +--------+--------+--------+--------+--------+-----+--------+

Top non-repeatable levels by time:
     D:1: 1383 daAuts
     D:2: 1304 daAuts
     D:3: 174 daAuts
